 Dungeon Crawl Stone Soup version bcrawl-1.39.1 (webtiles) character file.

Game seed: 2999163858440450082

411611 Lazarus1551 the Thaumaturge (level 14, 0/113 HPs)
             Began as an Oni Fire Elementalist on Sept 30, 2023.
             Was an Elder of Ashenzari.
             Slain by a will-o'-wisp (8 damage)
             ... on level 1 of the Swamp.
             The game lasted 01:25:14 (21702 turns).

Lazarus1551 the Thaumaturge (OnFE)                 Turns: 21702, Time: 01:25:15

Health: 0/113      AC:  8    Str: 13    XL:     14   Next: 72%
Magic:  27/33      EV: 12    Int: 27    God:    Ashenzari [****..]
Gold:   1569       SH: 16    Dex: 12    Spells: 10/39 levels left

rFire    . . .     GDR:     30% t - +0 quick blade of Rucsisuoz {flame, +Blink rC+ SInv}
rCold    + . .     SeeInvis +   G - +6 medium shield "Qydegeor" {Int+3}
rNeg     . . .     Gourm    .   K - +2 robe of Masochism {Int+4}
rPois    .         Faith    .   C - +1 hat
rElec    .         Spirit   .   X - +0 cloak
rCorr    +         Reflect  .   (no gloves)
MR       ++...     Clarity  +   S - +0 pair of boots
Stlth    ++........             (no amulet)
HPRegen  0.28/turn              r - ring of protection from magic
MPRegen  0.23/turn              u - ring of resist corrosion

@: slowed, very slow
A: oni magic, claws 1, fangs 1, horns 1
a: Curse Item, Scrying, Renounce Religion, Evoke Blink


You were on level 1 of the Swamp.
You worshipped Ashenzari.
Ashenzari was greatly pleased with you.
You were near starving.

You visited 5 branches of the dungeon, and saw 20 of its levels.
You also visited: Ossuary.

You collected 1737 gold pieces.
You spent 168 gold pieces at shops.

Inventory:

Hand Weapons
 i - the +4 hunting sling of Hatred {velocity, Dex+5}
   (You found it on level 6 of the Lair of Beasts)

   Any stone fired from it inflicts extra damage.
   It affects your dexterity (+5).
 q - the +8 whip "Snakebite" {curare, rPois}
   (You found it on level 1 of the Lair of Beasts)

   It poisons the flesh of those it strikes.
   It protects you from poison.
 t - the +0 quick blade of Rucsisuoz (weapon) {flame, +Blink rC+ SInv}
   (You found it on level 6 of the Lair of Beasts)

   It has been specially enchanted to surge with flame as it hits, increasing
   damage dealt by approximately one third against foes not resistant or
   susceptible to fire.
   It protects you from cold.
   It lets you see invisible.
   It lets you blink.
Missiles
 g - 70 javelins (quivered)
 w - 441 poisoned tomahawks
Armour
 p - a +2 ring mail of cold resistance
 C - a +1 hat (worn)
 G - the +6 medium shield "Qydegeor" (worn) {Int+3}
   (You found it on level 4 of the Dungeon)

   It affects your intelligence (+3).
 K - the +2 robe of Masochism (worn) {Int+4}
   (You found it on level 10 of the Dungeon)

   It affects your intelligence (+4).
 S - a +0 pair of boots (worn)
 X - a +0 cloak (worn)
Jewellery
 r - a ring of protection from magic (left claw)
 u - a ring of resist corrosion (right claw)
 y - an uncursed ring of insulation
 N - the cursed amulet of Vision {SInv *Curse}
   (You found it in the Ecumenical Temple)

   [amulet of nothing]

   It lets you see invisible.
   It curses itself when equipped.
   It has a curse placed upon it.
Wands
 d - a wand of random effects (6)
 D - a wand of polymorph (11)
 H - a wand of disintegration (6)
 I - a wand of iceblast (5)
 L - a wand of scattershot (4)
 R - a wand of digging (1)
 T - a wand of flame (30)
Scrolls
 b - a scroll of fog
 f - 12 scrolls of teleportation
 h - 4 scrolls of noise {unknown}
 j - 2 scrolls of revelation
 l - 4 scrolls of enchant armour
 n - 3 scrolls of enchant weapon
 s - 2 scrolls of vulnerability
 z - 4 scrolls of amnesia
 A - 11 scrolls of remove curse
 B - 3 scrolls of immolation
 M - 4 scrolls of fear
 P - 2 scrolls of silence
 U - 3 scrolls of blinking
 W - 2 scrolls of summoning
Potions
 c - 2 potions of brilliance
 k - a potion of curing
 m - 3 potions of flight
 o - 3 potions of haste
 v - 6 potions of mutation
 x - 4 potions of magic
 E - 2 potions of agility
 F - a potion of invisibility {unknown}
 J - 6 potions of lignification
 O - 2 potions of cancellation {unknown}
 Q - 2 potions of ambrosia
 Y - 2 potions of might
 Z - a potion of resistance {unknown}
Miscellaneous
 V - a phial of floods
Comestibles
 e - 25 rations {!d}


   Skills:
 * Level 7.4 Fighting
   Level 0.1(2.5) Axes
 - Level 4.7 Maces & Flails
 + Level 4.0 Throwing
 + Level 7.0 Armour
 + Level 7.0 Dodging
 - Level 1.7 Stealth
 + Level 8.9 Shields
 * Level 13.2 Spellcasting
   Level 13.2 Conjurations
   Level 13.2 Hexes
   Level 13.2 Charms
   Level 13.2 Summonings
   Level 13.2 Necromancy
   Level 13.2 Translocations
   Level 13.2 Transmutations
   Level 13.2 Fire Magic
   Level 13.2 Ice Magic
   Level 13.2 Air Magic
   Level 13.2 Earth Magic
   Level 13.2 Poison Magic


You had 10 spell levels left.
You knew the following spells:

 Your Spells              Type           Power        Failure   Level  Hunger
a - Flame Tongue          Conj/Fire      #####        1%          1    None
b - Conjure Flame         Conj/Fire      ######..     1%          3    None
c - Summon Scorpions      Summ/Pois      ######..     1%          4    None
d - Fireball              Conj/Fire      ######....   2%          5    #......
e - Ice Form              Ice/Tmut       ######..     1%          4    None
f - Inner Flame           Hex/Fire       N/A          1%          3    None
g - Sticky Flame          Conj/Fire      ######..     1%          4    None
h - Freezing Cloud        Ice/Air        ######..     2%          5    #......

Your spell library contained the following spells:

 Spells                   Type           Power        Failure   Level  Hunger
 Corpse Rot               Necr           N/A          1%          2    None
 Flaming Arrows           Chrm/Fire      ######..     1%          2    None
 Dazzling Orbs            Conj/Hex       ######.      1%          3    None
 Tree Form                Hex/Tmut       N/A          1%          4    None
 Dispel Undead            Necr           #######.     1%          5    #......


Dungeon Overview and Level Annotations

Branches:
Dungeon (11/12)            Temple (1/1) D:5            Lair (6/6) D:7
  Swamp (1/3) Lair:4       Shoals (0/3) Lair:2        Slime (0/5) Orc
    Orc (1/1) D:9          Forest (0/3) Lair:6
 Vaults: D:11-12

Altars:
Ashenzari
Cheibriados
Dithmenos
Fedhas
Gozag
Hepliaklqana
Kikubaaqudgha
Lugonu
Makhleb
Nemelex Xobeh
Okawaru
Qazlal
Ru
Sif Muna
Trog
Uskayaw
Vehumet
Wu Jian
Xom
Yredelemnul
Jiyva

Shops:
D:5 }   D:7 =   D:10 }   Orc (%(!

Annotations:
D:8 1 exclusion
D:11 Kirke, Snorg


Innate Abilities, Weirdness & Mutations

You learn spells by gaining experience, not through books or religion.
You only train spellcasting to practice magic.
You have sharp fingernails.
You have very sharp teeth.
You have a pair of small horns on your head.


Message History

* * * LOW HITPOINT WARNING * * *
The will-o'-wisp shocks you!
* * * LOW HITPOINT WARNING * * *
The will-o'-wisp gives a chilling moan.
The will-o'-wisp barely misses you. The will-o'-wisp misses you.
You block the will-o'-wisp's attack.
The will-o'-wisp hits you but does no damage.
The will-o'-wisp misses you. You block the will-o'-wisp's attack. x2
You block the freezing wraith's attack. The freezing wraith closely misses you.
The will-o'-wisp gives a chilling moan.
The will-o'-wisp closely misses you.
The will-o'-wisp hits you but does no damage.
The will-o'-wisp hits you.
* * * LOW HITPOINT WARNING * * *
The will-o'-wisp shocks you!
* * * LOW HITPOINT WARNING * * *
You block the will-o'-wisp's attack. x2
The will-o'-wisp hits you but does no damage.
The will-o'-wisp closely misses you. The will-o'-wisp hits you!
You die...

♣.♣≈≈♣♣ ♣♣.§≈≈....§≈≈≈
♣♣≈≈♣..♣♣ ♣....≈.≈≈≈§v≈.
♣.≈§≈).≈♣♣♣ ♣.≈≈..≈≈.≈..≈≈
♣♣≈≈♣≈.≈..♣♣♣.≈≈≈≈.≈≈≈≈≈≈≈
♣≈≈≈...≈.♣♣..≈≈♣..≈≈≈≈≈♣
♣≈≈..≈≈≈.♣.♣..≈≈.≈≈≈≈♣≈≈.
♣.≈♣..≈..v≈♣v..♣≈...≈.W≈≈
♣♣.♣♣♣≈vv.vW≈W..≈≈≈≈.≈≈≈.≈
♣≈♣♣ ♣♣.≈@vWWW.≈.♣♣♣≈.....
♣♣♣ ♣♣.Wv.W≈.≈♣♣ ≈.....
♣♣...♣♣♣♣♣ * ......
♣.....♣ ≈≈ ≈..... ♣♣≈...♣♣
≈≈≈ ... ♣§....♣♣≈ ,, ,
♣.≈≈≈...≈≈ ,,, ♣.≈≈.§..≈≈
≈, ≈ ♣♣≈≈≈.♣.... ≈


You could see a shadow wraith (invisible), 2 freezing wraiths, a phantom, 3
wraiths and 7 will-o'-wisps.

Vanquished Creatures
  Gastronok (Lair:2)
  A dire elephant (Lair:6)
  A catoblepas (Lair:6)
  4 hydras
  3 death yaks (Lair:6)
  2 two-headed ogres
  A deep troll shaman (Lair:6)
  3 orc high priests (Orc)
  A fire crab (Lair:5)
  5 orc knights
  A lindwurm (Lair:6)
  An ugly thing (D:10)
  3 orc sorcerers (Orc)
  2 merfolk sirens (Lair:2)
  8 elephants (Lair:6)
  A torpor snail (shapeshifter) (D:10)
  3 black mambas
  A torpor snail (Lair:6)
  5 cane toads
  3 komodo dragons
  A rime drake (Lair:3)
  A queen bee (Lair:1)
  A polar bear (Lair:6)
  2 merfolk (Lair:2)
  2 trolls
  A tyrant leech (Swamp:1)
  Grinder (D:3)
  Prince Ribbit (D:7)
  18 blink frogs
  2 slime creatures (Swamp:1)
  4 hippogriffs
  11 yaks
  3 basilisks
  3 hogs (D:10)
  A steam dragon (Lair:2)
  Menkaure (Ossuary)
  A warg (D:9)
  5 crocodiles
  3 porcupines
  13 water moccasins
  2 phantoms
  3 sky beasts
  14 orc warriors
  A black bear (Lair:6)
  7 ogres
  16 wolves
  8 bullfrogs
  A kobold brigand (D:7)
  2 centaurs
  4 scorpions
  22 killer bees
  14 orc priests
  4 howler monkeys
  2 crimson imps (D:7)
  A quasit (D:7)
  A jelly (D:8)
  A bullfrog zombie (D:5)
  A bullfrog skeleton (D:3)
  17 orc wizards
  3 iguanas
  4 worker ants
  A hound zombie (D:10)
  3 mummies (Ossuary)
  A worker ant zombie (D:6)
  4 gnolls (D:2)
  12 adders
  2 shadow imps
  An ooze (D:4)
  3 worms
  A dart slug (D:4)
  6 leopard geckos
  45 orcs
  2 ball pythons
  5 bats
  4 giant cockroaches
  7 goblins
  6 hobgoblins
  2 jackals (D:3)
  2 quokkas
  7 frilled lizards
  3 gnoll skeletons (Ossuary)
  4 gnoll zombies (Ossuary)
  3 goblin skeletons (Ossuary)
  3 goblin zombies (Ossuary)
  5 hobgoblin skeletons (Ossuary)
  3 hobgoblin zombies (Ossuary)
  15 kobolds
  5 kobold skeletons (Ossuary)
  3 kobold zombies (Ossuary)
  7 orc skeletons (Ossuary)
  4 orc zombies (Ossuary)
  A quokka zombie (D:5)
  6 rats
  2 rat skeletons (Ossuary)
  8 rat zombies (Ossuary)
  A spectral orc (D:6)
  A fungus (Lair:2)
441 creatures vanquished.

Vanquished Creatures (collateral kills)
  Nessos (Lair:4)
  Erica (Lair:2)
  An anaconda (Lair:5)
  Nergalle (Lair:2)
  A swamp dragon (Lair:4)
  Pikel (D:6)
  2 black mambas
  2 cane toads
  A kobold demonologist (D:10)
  A rime drake (Lair:5)
  2 polar bears
  4 hippogriffs
  2 blink frogs
  A slime creature (Swamp:1)
  6 yaks
  3 basilisks
  A warg (Orc)
  5 crocodiles
  A water moccasin (Lair:6)
  A porcupine (Lair:3)
  A cane toad skeleton (D:10)
  4 orc warriors
  A black bear (Lair:6)
  A sky beast (D:7)
  An ogre (D:5)
  3 wolves
  A bullfrog (D:5)
  A rime drake skeleton (D:10)
  A centaur (D:10)
  A scorpion (D:10)
  7 killer bees
  A howler monkey (D:10)
  An orc priest (Orc)
  A bullfrog zombie (D:7)
  A quasit (D:7)
  An orc wizard (Orc)
  A bullfrog skeleton (D:5)
  2 hounds
  3 iguanas
  A killer bee zombie (D:5)
  3 adders
  15 orcs
  A kobold (D:7)
  3 fungi
  5 plants
99 creatures vanquished.

Vanquished Creatures (others)
  A yak (Lair:2)
  2 orc wizards (Orc)
  An orc (Orc)
  A bush (Lair:2)
  9 fungi
  8 plants
22 creatures vanquished.

Grand Total: 562 creatures vanquished

Notes
Turn   | Place    | Note
-------+----------+-------------------------------------------
     0 | D:1      | Lazarus1551 the Oni Fire Elementalist began the quest for
                  | the Orb.
     0 | D:1      | Reached XP level 1. HP: 14/14 MP: 6/6
    94 | D:1      | Reached XP level 2. HP: 20/20 MP: 3/7
   143 | D:1      | Reached skill level 3 in Spellcasting
   470 | D:1      | Reached XP level 3. HP: 26/26 MP: 3/9
   948 | D:2      | Found a sparkling altar of Nemelex Xobeh.
   990 | D:2      | Reached skill level 1 in Fighting
   990 | D:2      | Reached XP level 4. HP: 35/35 MP: 11/11
  1254 | D:2      | Found a blossoming altar of Fedhas.
  1254 | D:2      | Found an ancient bone altar of Kikubaaqudgha.
  1479 | D:3      | Reached XP level 5. HP: 35/41 MP: 8/12
  1560 | D:3      | Found a burning altar of Makhleb.
  1656 | D:3      | Found a sparkling altar of Nemelex Xobeh.
  1694 | D:3      | Learned a level 3 spell: Conjure Flame
  1880 | D:3      | Noticed Grinder
  1898 | D:3      | Killed Grinder
  1899 | D:3      | Reached skill level 1 in Throwing
  1899 | D:3      | Reached skill level 4 in Spellcasting
  1899 | D:3      | Reached XP level 6. HP: 23/51 MP: 4/14
  2255 | D:3      | Found a glowing golden altar of the Shining One.
  2297 | D:4      | Reached XP level 7. HP: 51/58 MP: 9/15
  2320 | D:4      | Got a steaming medium shield
  2387 | D:4      | Found a sand-covered staircase.
  2399 | Ossuary  | Entered an ossuary
  2612 | Ossuary  | Identified the +6 medium shield "Qydegeor" {Int+3} (You
                  | found it on level 4 of the Dungeon)
  2778 | Ossuary  | Noticed Menkaure
  2791 | Ossuary  | Killed Menkaure
  2792 | Ossuary  | Reached skill level 5 in Spellcasting
  3611 | D:4      | Learned a level 4 spell: Summon Scorpions
  3931 | D:4      | Reached XP level 8. HP: 55/66 MP: 14/18
  4431 | D:5      | Entered Level 5 of the Dungeon
  4588 | D:5      | Found an opulent altar of Gozag.
  4624 | D:5      | Reached skill level 6 in Spellcasting
  4825 | D:5      | Found a sacrificial altar of Ru.
  5044 | D:5      | Reached skill level 7 in Spellcasting
  5057 | D:5      | Found a staircase to the Ecumenical Temple.
  5068 | Temple   | Entered the Ecumenical Temple
  5087 | Temple   | Became a worshipper of Ashenzari the Shackled
  5088 | Temple   | Found the cursed amulet of Vision {SInv *Curse}
  5428 | D:5      | Found Xus Jec's Gadget Boutique.
  5731 | D:6      | Reached XP level 9. HP: 55/71 MP: 15/22
  6020 | D:6      | Noticed Pikel
  6026 | D:6      | Killed Pikel
  6027 | D:6      | Reached skill level 8 in Spellcasting
  6350 | D:6      | Found a shadowy altar of Dithmenos.
  6531 | D:6      | Found a basalt altar of Yredelemnul.
  6578 | D:7      | Found a corrupted altar of Lugonu.
  6593 | D:7      | Found a staircase to the Lair.
  6608 | D:7      | Reached skill level 9 in Spellcasting
  6739 | D:7      | Learned a level 5 spell: Fireball
  6815 | D:7      | Found a radiant altar of Vehumet.
  6855 | D:7      | Reached skill level 1 in Maces & Flails
  6937 | D:7      | Noticed Prince Ribbit
  6960 | D:7      | Killed Prince Ribbit
  6961 | D:7      | Reached XP level 10. HP: 73/78 MP: 22/25
  7208 | D:7      | Found Duennett's Jewellery Shop.
  7484 | D:7      | Reached skill level 1 in Shields
  7690 | D:8      | Found an opulent altar of Gozag.
  7778 | D:8      | Reached * piety under Ashenzari
  7830 | D:8      | Noticed a green ugly thing
  8558 | D:8      | Found a glowing silver altar of Zin.
  8708 | D:8      | Learned a level 4 spell: Ice Form
  8813 | D:9      | Noticed an orc knight
  8829 | D:9      | Killed an orc knight
  9055 | D:9      | Noticed a two-headed ogre
  9060 | D:9      | Killed a two-headed ogre
  9061 | D:9      | Reached skill level 10 in Spellcasting
  9150 | D:9      | Found a snail-covered altar of Cheibriados.
  9229 | D:9      | Found a hide-covered altar of Uskayaw.
  9436 | D:9      | Found a staircase to the Orcish Mines.
  9715 | D:10     | Entered Level 10 of the Dungeon
  9743 | D:10     | Noticed a salamander
  9745 | D:10     | Noticed a guardian serpent
  9745 | D:10     | a salamander changed into a guardian serpent
  9750 | D:10     | Noticed a lindwurm
  9750 | D:10     | a guardian serpent changed into a lindwurm
  9926 | D:10     | Noticed a kobold demonologist
 10016 | Lair:1   | Entered Level 1 of the Lair of Beasts
 10076 | Lair:1   | Reached XP level 11. HP: 58/85 MP: 19/27
 10089 | Lair:1   | Reached skill level 5 in Fighting
 10742 | Lair:1   | Learned a level 3 spell: Inner Flame
 10770 | Lair:1   | Noticed a seven-headed hydra
 10792 | Lair:1   | Killed a seven-headed hydra
 11112 | Lair:1   | Reached skill level 11 in Spellcasting
 11157 | Lair:1   | Reached ** piety under Ashenzari
 11755 | Lair:1   | Reached skill level 5 in Dodging
 11892 | Lair:1   | Found the +8 whip "Snakebite" {curare, rPois}
 12054 | Lair:2   | Noticed Erica
 12147 | Lair:2   | Noticed Gastronok
 12162 | Lair:2   | Reached skill level 5 in Shields
 12163 | Lair:2   | Killed Gastronok
 12164 | Lair:2   | Reached skill level 1 in Armour
 12164 | Lair:2   | Reached XP level 12. HP: 95/95 MP: 3/29
 12503 | Lair:2   | Killed Erica
 12618 | Lair:2   | Found a staircase to the Shoals.
 12652 | Lair:2   | Noticed Nergalle
 12664 | Lair:2   | Killed Nergalle
 13437 | Lair:3   | Reached skill level 12 in Spellcasting
 14068 | Lair:3   | Found an opulent altar of Gozag.
 14497 | Lair:4   | Reached XP level 13. HP: 91/102 MP: 31/31
 14911 | Lair:4   | Noticed Nessos
 14921 | Lair:4   | Killed Nessos
 15186 | Lair:4   | Found a staircase to the Swamp.
 15604 | Lair:4   | Learned a level 4 spell: Sticky Flame
 15877 | Lair:5   | Reached *** piety under Ashenzari
 16616 | Lair:6   | Entered Level 6 of the Lair of Beasts
 16621 | Lair:6   | Got the quick blade of Rucsisuoz {flame, +Blink rC+ SInv}
 16730 | Lair:6   | Reached skill level 5 in Armour
 16868 | Lair:6   | Found a staircase to the Spriggan Forest.
 17307 | Lair:6   | Reached XP level 14. HP: 81/111 MP: 23/32
 17333 | Lair:6   | Identified the +0 quick blade of Rucsisuoz {flame, +Blink
                  | rC+ SInv} (You found it on level 6 of the Lair of Beasts)
 17547 | Lair:6   | Noticed a dire elephant
 17690 | Lair:6   | Learned a level 5 spell: Freezing Cloud
 17753 | Lair:6   | Killed a dire elephant
 18395 | Lair:6   | Got the hunting sling of Hatred {velocity, Dex+5}
 18396 | Lair:6   | Identified the +4 hunting sling of Hatred {velocity, Dex+5}
                  | (You found it on level 6 of the Lair of Beasts)
 18405 | Lair:6   | Got the quarterstaff of Innam {crush, MR+ MP+9}
 18845 | D:10     | Reached skill level 13 in Spellcasting
 18948 | D:10     | Found Zablid's Gadget Emporium.
 18979 | D:10     | Got the uncursed robe of Masochism {Int+4}
 18991 | D:10     | Identified the +2 robe of Masochism {Int+4} (You found it
                  | on level 10 of the Dungeon)
 19398 | D:11     | Noticed Kirke
 19569 | Orc      | Entered the Orcish Mines
 19569 | Orc      | Reached **** piety under Ashenzari
 20468 | Orc      | Found a roughly hewn altar of Beogh.
 20521 | Orc      | Found a viscous altar of Jiyva.
 20521 | Orc      | Found a staircase to the Slime Pits.
 20859 | Orc      | Found Xoluheu's Antique Weapon Emporium.
 20859 | Orc      | Found Panwuuw's Distillery.
 20866 | Orc      | Found Jojostas's Food Shop.
 20866 | Orc      | Found Mola's Weapon Emporium.
 20888 | Orc      | Bought a potion of flight for 56 gold pieces
 20888 | Orc      | Bought a potion of might for 56 gold pieces
 20888 | Orc      | Bought a potion of ambrosia for 56 gold pieces
 21147 | D:11     | Noticed Snorg
 21457 | Swamp:1  | Entered Level 1 of the Swamp
 21702 | Swamp:1  | Slain by a will-o'-wisp

Skill      XL: |  1  2  3  4  5  6  7  8  9 10 11 12 13 14 |
---------------+-------------------------------------------+-----
Spellcasting   | 3 4 5 7 9 10 11 12 13 | 13.2
Fighting       | 1 2 3 4 5 6 7 |  7.4
Dodging        | 2 3 5 6 7 |  7.0
Throwing       | 1 2 3 4 |  4.0
Maces & Flails | 1 2 3 4 |  4.7
Shields        | 3 5 6 8 |  8.9
Armour         | 1 3 6 7 |  7.0
Axes           | |  0.1
Stealth        | |  1.7
Conjurations   | | 13.2
Hexes          | | 13.2
Charms         | | 13.2
Summonings     | | 13.2
Necromancy     | | 13.2
Translocations | | 13.2
Transmutations | | 13.2
Fire Magic     | | 13.2
Ice Magic      | | 13.2
Air Magic      | | 13.2
Earth Magic    | | 13.2
Poison Magic   | | 13.2

Action                   |  1- 3 |  4- 6 |  7- 9 | 10-12 | 13-15 || total
-------------------------+-------+-------+-------+-------+-------++-------
Melee: Unarmed           |     8 |       |       |   105 |       ||   113
       Bite              |     2 |     2 |    26 |    19 |    55 ||   104
       Headbutt          |     2 |     7 |    34 |    19 |    87 ||   149
       Dagger            |     4 |     9 |   102 |       |       ||   115
       Hand axe          |       |    31 |   102 |       |       ||   133
       Whip              |       |       |    59 |   177 |   236 ||   472
       Quick blade       |       |       |       |       |   250 ||   250
 Fire: Blowgun           |    20 |    14 |     2 |     4 |       ||    40
Throw: Stone             |     1 |    15 |    45 |    23 |       ||    84
       Javelin           |       |     5 |    19 |     5 |    55 ||    84
 Cast: Flame Tongue      |    49 |    34 |    88 |    60 |    35 ||   266
       Conjure Flame     |       |     1 |     3 |     6 |     4 ||    14
       Summon Scorpions  |       |       |    20 |    49 |    49 ||   118
       Fireball          |       |       |       |    45 |    59 ||   104
       Ice Form          |       |       |       |     1 |       ||     1
       Inner Flame       |       |       |       |     1 |     1 ||     2
       Freezing Cloud    |       |       |       |       |    15 ||    15
       Sticky Flame      |       |       |       |       |     6 ||     6
 Abil: End Transformatio |       |       |       |     1 |       ||     1
       Evoke Blink       |       |       |       |       |     1 ||     1
Evoke: Wand              |     2 |       |     2 |    12 |       ||    16
  Use: Potion            |       |     1 |     4 |     4 |       ||     9
       Scroll            |       |     4 |     6 |     8 |     8 ||    26
 Stab: Sleeping          |       |     2 |     2 |     1 |       ||     5
       Distracted        |       |       |       |     3 |     5 ||     8
       Petrifying        |       |       |       |       |     1 ||     1
  Eat: Chunk             |     2 |     8 |    21 |    40 |    39 ||   110
       Ration            |       |       |     2 |     1 |     1 ||     4
Armor: Animal skin       |     6 |     5 |    43 |    15 |       ||    69
       Skin              |       |       |       |    56 |       ||    56
       Ring mail         |       |       |       |    16 |    86 ||   102
       Robe              |       |       |       |       |    25 ||    25
Dodge: Dodged            |    20 |    30 |   163 |   134 |   131 ||   478
Block: Medium shield     |       |       |    46 |   176 |   393 ||   615
